Map: Tokamak LE

Players

ManlyManMeat - Winner!

  • Race: Zerg Zerg
  • League: Master
  • Spawn Location: 7:00

Cybertonin

  • Race: Zerg Zerg
  • League: Gold
  • Spawn Location: 1:00

VOD

Have the link to the VOD?

Description

Time

  • Played on: June 14, 2025, 4:43 p.m.
  • Length: 14:25
Show
View Real Time Build Order
Export as new Build Order

ManlyManMeat Zerg - Winner!

Build Orders: Pool First 

Get SALT Encoding   

  12  0:08  Overlord  
  12  0:14  Drone  
  12  0:16  Drone  
  14  0:27  Drone  
  15  0:34  Drone  
  16  0:42  Spawning Pool  
  15  0:47  Drone  
  16  0:51  Drone  
  17  1:08  Hatchery  
  16  1:12  Drone  
  16  1:14  Drone  
  18  1:18  Extractor  
  18  1:25  Drone  
  18  1:31  Queen  
  20  1:35  Drone  
  21  1:46  Zergling x2  
  22  1:56  Overlord  
  22  2:02  Baneling Nest  
  21  2:17  Drone  
  21  2:21  Queen  
  24  2:23  Drone x2  
  26  2:32  Drone x2  
  28  2:38  Queen  
  30  2:52  Drone x4  
  30  2:54  Overlord  
  30  2:57  Overlord  
  33  3:11  Overlord  
  33  3:13  Overlord  
  33  3:24  Drone x2  
  33  3:26  Metabolic Boost  
  35  3:28  Lair  
  35  3:30  Zergling x4  
  37  3:36  Zergling x2  
  37  3:37  Zergling x2  
  39  3:46  Zergling x12  
  45  3:55  Zergling x4  
  47  3:59  Baneling x2  
  47  4:09  Drone x2  
  49  4:18  Overlord  
  49  4:19  Overlord  
  49  4:20  Drone x2  
  51  4:30  Hatchery  
  50  4:38  Zergling x2  
  50  4:39  Zergling x8  
  50  4:44  Hydralisk Den  
  54  5:07  Baneling x4  
  54  5:08  Baneling, Drone  
  51  5:25  Zergling x16  
  47  5:38  Zergling x2  
  47  5:39  Zergling x8  
  48  5:53  Zergling x6  
  48  5:54  Zergling x2  
  52  6:06  Drone x3  
  55  6:26  Zergling x10  
  55  6:27  Zergling x10  
  65  6:42  Drone x4  
  65  6:43  Drone x2  
  65  6:45  Extractor  
  65  6:46  Extractor  
  69  6:48  Centrifugal Hooks  
  69  6:53  Evolution Chamber x2  
  59  7:11  Baneling x3  
  59  7:12  Baneling x3  
  59  7:15  Extractor  
  57  7:16  Extractor  
  56  7:24  Drone x5  
  56  7:25  Drone  
  62  7:38  Zerg Missile Weapons Level 1  
  62  7:39  Zerg Ground Armor Level 1, Roach Warren  
  61  7:45  Zergling x14  
  61  7:46  Zergling x18  
  68  8:00  Zergling x16  
  74  8:11  Queen  
  74  8:12  Queen  
  67  8:28  Queen  
  69  8:44  Roach x6  
  69  8:47  Queen  
  80  9:19  Drone  
  80  9:20  Overlord  
  80  9:21  Overlord x4  
  81  9:55  Hydralisk Den  
  81  9:56  Drone x4  
  84  10:24  Overlord x3  
  84  10:27  Overseer  
  84  10:28  Overseer x2  
  84  10:32  Roach  
  84  10:33  Roach x17  
  120  10:56  Overseer  
  120  11:14  Roach x10  
  120  11:15  Roach x2  
  144  11:29  Overlord x4  
  144  11:34  Pneumatized Carapace  
  113  12:14  Zergling x26  
  125  12:44  Zergling x16  
  133  13:01  Hydralisk x4  
  133  13:02  Hydralisk x4  
  147  13:20  Hydralisk x4  
  147  13:22  Hatchery  
  154  13:35  Drone x5  
  159  13:41  Hydralisk  
  159  13:42  Hydralisk  
  163  13:54  Drone x5  
Show
View Real Time Build Order
Export as new Build Order

Cybertonin Zerg 

Build Orders: Pool First, Roach Nydus 

Get SALT Encoding   

  12  0:01  Drone  
  13  0:22  Spawning Pool  
  13  0:26  Drone  
  13  0:30  Drone  
  14  0:38  Overlord  
  14  0:52  Extractor  
  14  0:54  Drone  
  14  0:56  Drone  
  15  0:59  Drone  
  16  1:08  Queen  
  18  1:13  Drone  
  19  1:20  Drone  
  20  1:31  Drone  
  21  1:38  Extractor  
  20  1:42  Drone  
  21  1:53  Queen, Roach Warren  
  22  2:04  Overlord  
  22  2:18  Spine Crawler  
  22  2:19  Drone  
  22  2:22  Drone x2  
  24  2:25  Drone  
  25  2:40  Lair  
  25  2:48  Roach x2  
  29  3:02  Overlord x2  
  29  3:21  Roach x4  
  37  3:39  Roach x2  
  37  3:40  Roach  
  43  3:53  Drone x3  
  46  3:58  Nydus Network  
  45  4:12  Overlord x2  
  45  4:28  Overlord x2  
  45  4:35  Nydus Canal  
  45  4:42  Drone x2  
  47  4:46  Drone  
  47  4:47  Drone x2  
  50  5:00  Spine Crawler  
  50  5:06  Spine Crawler  
  48  5:14  Spine Crawler  
  48  5:17  Drone  
  36  5:39  Drone  
  36  5:40  Drone x3  
  40  5:48  Spine Crawler  
  37  5:50  Spine Crawler  
  29  5:57  Roach x2  
  33  6:21  Spine Crawler  
  33  6:23  Spine Crawler x2  
  30  6:35  Drone  
  31  6:40  Roach  
  31  6:41  Roach x2  
  31  6:42  Roach  
  39  6:47  Roach  
  41  6:56  Roach  
  43  7:07  Roach  
  43  7:08  Roach x2  
  45  7:13  Roach  
  47  7:20  Nydus Canal  
  47  7:27  Roach  
  49  7:32  Roach  
  49  7:36  Roach  
  53  8:07  Roach x5  
  53  8:08  Roach  
  55  8:19  Drone  
  46  8:26  Spine Crawler  
  45  8:27  Overlord  
  45  8:36  Spine Crawler  
  44  8:43  Spine Crawler  
  43  9:04  Hatchery  
  42  9:24  Spine Crawler  
  41  9:28  Spine Crawler  
  40  9:50  Overseer  
  40  10:11  Drone x6  
  46  10:20  Nydus Canal  
  46  10:29  Drone  
  46  10:33  Drone  
  48  10:43  Drone x2  
  48  10:47  Extractor  
  48  10:49  Drone  
  50  10:50  Extractor  
  50  10:53  Drone  
  50  10:55  Drone  
  51  11:07  Drone  
  51  11:08  Queen  
  54  11:20  Spire  
  54  11:22  Drone  
  54  11:25  Drone  
  55  11:30  Drone  
  56  11:35  Drone x4  
  56  11:39  Drone  
  61  11:57  Spine Crawler x2  
  61  11:59  Spine Crawler  
  61  12:01  Spine Crawler, Roach  
  39  12:33  Hatchery  
  39  12:34  Mutalisk x2  
  42  12:48  Roach Warren  
  42  12:49  Drone  
  42  12:55  Mutalisk  
  44  13:11  Mutalisk x2  
  48  13:20  Mutalisk x2  
  52  13:38  Mutalisk  
  52  13:39  Mutalisk x2  
  58  13:48  Mutalisk  
  60  14:01  Roach  
Tags
 
Matchup
ZvZ
Race
Zerg
Spawn Locations
Cross Positions
Strategy
Roach Nydus
Add a new tag
Caveats
  • Supply blocks, unpowered buildings, or Contaminate may cause inaccurate times.
  • Supply counts are checked every 10 seconds.